 Dungeon Crawl Stone Soup version 0.31.0-4-g52a2dc7128 (webtiles) character file.

Game seed: 11561088796787943038

2 Goblin1989 the Sneak (level 1, 0/18 HPs)
             Began as a Demonspawn Delver on Jan 21, 2024.
             Splashed by a jelly's acid (8 damage)
             ... on level 4 of the Dungeon.
             The game lasted 00:01:52 (160 turns).

Goblin1989 the Sneak (Demonspawn Delver)             Turns: 160, Time: 00:01:53

Health: 0/18       AC: -1    Str: 12    XL:     1   Next: 25%
Magic:  1/1        EV: 11    Int: 10    God:
Gold:   3          SH:  0    Dex: 14    Spells: 0/0 levels left

rFire   . . .        a - +0 short sword
rCold   . . .        (no shield)
rNeg    . . .        b - +0 leather armour
rPois   .            (no helmet)
rElec   .            (no cloak)
rCorr   .            (no gloves)
SInv    .            (no boots)
Will    .....        (no amulet)
Stlth   +++          (no ring)
HPRegen 0.23/turn    (no ring)
MPRegen 0.07/turn

%: no passive effects
@: corroded
A: no striking features
a: no special abilities


You were on level 4 of the Dungeon.
You visited 1 branch of the dungeon, and saw 2 of its levels.

You collected 3 gold pieces.

Inventory:

Hand Weapons
 a - a +0 short sword (weapon)
Armour
 b - a +0 leather armour (worn)
Talismans
 j - a serpent talisman
Wands
 g - a wand of digging (3) {@v3}
Scrolls
 c - a scroll of fog
 d - 2 scrolls of revelation
 e - a scroll of fear
 h - a scroll of butterflies {unknown}
 k - a scroll of poison {unknown}
Potions
 f - a potion of haste {@q3,}
 i - a potion of mutation {unknown}


   Skills:
 - Level 3.0 Fighting
 - Level 1.7 Short Blades
 - Level 1.7 Dodging
 + Level 4.6 Stealth


You couldn't memorise any spells.
You didn't know any spells.
Your spell library was empty.

Dungeon Overview and Level Annotations

Branches:
Dungeon (5/15) Zot: 11839
 Temple: D:4-7

Altars:


Message History

Bad monster_list_colour key: strict_neutral Options error: Unknown explore stop condition 'gates' (Goblin1989.rc:83) Welcome, Goblin1989 the Demonspawn Delver.
Are you destined to find the incredible Orb of Zot, or to die trying?
Press ? for a list of commands and other information.
Found two stone staircases leading down.
Found a scroll labelled RUUNITR XOTU.
A jelly comes into view.
Found a scroll labelled TIGGEH LERY and 7 gold pieces.
h - a scroll labelled TIGGEH LERY
Found an escape hatch in the floor.
Found a stone staircase leading up.
Found 16 gold pieces.
There is a stone staircase leading up here.
You climb upwards.
You hear the hiss of flowing sand.
There is an entrance to an ossuary on this level.
Hurry and find it before the portal is buried!
Found a scroll of revelation and a fuming red potion.
There is a stone staircase leading down here.
d - 2 scrolls of revelation (gained 1)
There is a stone staircase leading down here.
i - a fuming red potion
Found a long sword.
Found a serpent talisman.
A jelly comes into view.
You see here a serpent talisman.
j - a serpent talisman You hear the slow hiss of a very distant avalanche of sand.
There is a stone staircase leading down here.
Found 3 gold pieces.
You now have 3 gold pieces.
An endoplasm comes into view.
The endoplasm quivers.
Found a scroll labelled YTTISE MUONGUA.
Found an escape hatch in the floor.
You hit the endoplasm.
The endoplasm is severely wounded.
You hit the endoplasm.
The endoplasm is almost dead.
The endoplasm freezes you.
You are frozen.
You take 5 damage, and have 13/18 hp.
MASSIVE DAMAGE!!
You hit the endoplasm.
You kill the endoplasm!
k - a scroll labelled YTTISE MUONGUA
Found a runed falchion.
Health restored: 18 A kobold comes into view.
It is wielding a +0 dagger and quivering poisoned darts.
Found a stone staircase leading down.
You hear the hiss of a very distant avalanche of sand.
The kobold shouts!
The kobold throws a poisoned dart.
The poisoned dart hits you!
You are poisoned.
You feel sick.
You take 2 damage, and have 16/18 hp.
You barely miss the kobold.
You feel sick. The kobold closely misses you.
You take 1 damage, and have 15/18 hp.
You hit the kobold but do no damage.
You feel sick. The kobold hits you but does no damage.
You take 1 damage, and have 14/18 hp.
The jelly quivers.
You hit the kobold.
You kill the kobold!
You feel sick.
You feel sick.
Things that are here:
a +0 dagger; 2 poisoned darts You take 1 damage, and have 13/18 hp.
You feel sick.
You are no longer poisoned.
You take 1 damage, and have 12/18 hp.
You hit the jelly. The acid corrodes you!
Your hands burn!
The jelly is lightly wounded.
The jelly hits you.
* * * LOW HITPOINT WARNING * * *
You are splashed with acid!
You die...

███...███ █.█ █..>....█
█.█ █.██.██.█ █..
█.██.█ .█ █.█ █.██.█ .█
█.█ █.██.█ .█ ███.█
█.██.██.█ ..█).
█....)..█ █.███
█....)@J█ █.█ █
█.██......█ ████.██.███
█.██.█.................
█.██......█.██.......██
█.██.██.█.█ ██.█.██.██
█.██.█ .█.█ .J ███
...... .. █ █. ██.███
███ █


You could see a jelly.

Vanquished Creatures
  An endoplasm (D:4)
  A kobold (D:4)
2 creatures vanquished.

Notes
Turn   | Place    | Note
-------+----------+-------------------------------------------
     0 | D:5      | Goblin1989 the Demonspawn Delver began the quest for the
                  | Orb.
     0 | D:5      | Reached XP level 1. HP: 18/18 MP: 1/1
    14 | D:5      | Noticed a jelly
    79 | D:4      | Noticed a jelly
   160 | D:4      | Splashed by a jelly's acid

Illustrated notes

Levels and vault maps discovered:
D:4:      layout_loops_cross, chequers_ossuary_entry_cave,
          gammafunk_ghost_necromancy, grunt_decor_fettered,
          chequers_serial_rivers_room_a
D:5:      layout_cave_pools, gammafunk_ghost_abyssal_escape,
          serial_library_hellmonk_double_dead_end

Action                     || total
---------------------------++-------
  Melee: Short sword       ||     7
 Armour: Leather armour    ||     2
  Dodge: Dodged            ||     1
